 Dungeon Crawl Stone Soup version 0.28-a0-863-g8cecda6153 (webtiles) character file.

Game seed: 6025477104321138857

4251 ders the Geomancer (level 10, 0/51 HPs)
             Began as a Gargoyle Earth Elementalist on Nov 18, 2021.
             Was a Follower of Vehumet.
             Killed from afar by an orc wizard (10 damage)
             ... with a magic dart
             ... on level 8 of the Dungeon.
             The game lasted 00:24:43 (11968 turns).

ders the Geomancer (Gargoyle Earth Elementalist)   Turns: 11968, Time: 00:24:44

Health: 0/51       AC: 12    Str: 11    XL:     10   Next: 31%
Magic:  15/22      EV: 11    Int: 20    God:    Vehumet [*.....]
Gold:   866        SH:  0    Dex: 10    Spells: 20/25 levels left

rFire   . . .      SeeInvis .   c - +4 quarterstaff (chaos)
rCold   . . .      Faith    .   (shield currently unavailable)
rNeg    + . .      Spirit   .   b - +0 robe
rPois   ∞          Reflect  .   (no helmet)
rElec   +          Harm     .   l - +2 cloak
rCorr   .          Rampage  .   (no gloves)
Will    .....                   (no boots)
Stlth   ++........              (no amulet)
HPRegen 0.17/turn               (no ring)
MPRegen 0.18/turn               (no ring)

@: no status effects
A: sickness immunity, AC +7, negative energy resistance 1, electricity
resistance, torment resistance 1, petrification resistance
a: Renounce Religion


You were on level 8 of the Dungeon.
You worshipped Vehumet.
Vehumet was aware of your devotion.
You visited 2 branches of the dungeon, and saw 9 of its levels.

You collected 878 gold pieces.
You spent 12 gold pieces at shops.

Inventory:

Hand Weapons
 c - a +4 quarterstaff of chaos (weapon)
Missiles
 g - 7 boomerangs (quivered)
 h - 22 stones
Armour
 b - a +0 robe (worn)
 k - a +1 helmet
 l - a +2 cloak (worn)
Jewellery
 s - a +4 ring of evasion
 y - a ring of protection from fire
 z - a ring of fire
Wands
 i - a wand of polymorph (9)
 o - a wand of iceblast (14)
 v - a wand of paralysis (8)
Scrolls
 a - 2 scrolls of identify
 e - a scroll of enchant armour {unknown}
 f - 2 scrolls of fog
 j - a scroll of immolation
 u - a scroll of silence {unknown}
 x - a scroll of enchant weapon {unknown}
 A - a scroll of vulnerability {unknown}
Potions
 d - a potion of curing
 m - a potion of invisibility {unknown}
 n - a potion of magic {unknown}
 p - 4 potions of lignification {unknown}
 q - a potion of flight {unknown}
 r - a potion of mutation {unknown}
 t - 2 potions of attraction {unknown}
 w - a potion of degeneration {unknown}
 B - a potion of brilliance {unknown}


   Skills:
 + Level 0.4 Fighting
 + Level 0.3 Staves
 - Level 1.5 Dodging
 + Level 2.7 Stealth
 + Level 8.2 Spellcasting
 + Level 8.8 Conjurations
 + Level 0.7 Transmutations
 + Level 10.8 Earth Magic


You had 20 spell levels left.
You knew the following spells:

 Your Spells              Type           Power      Damage    Failure   Level
a - Sandblast             Erth           100%       2d20      1%          1
b - Stone Arrow           Conj/Erth      94%        3d12      1%          3
c - Foxfire               Conj/Fire      100%       2x1d9     1%          1

Your spell library contained the following spells:

 Spells                   Type           Power      Damage    Failure   Level
 Passwall                 Tmut/Erth      25%        N/A       1%          2
 Petrify                  Tmut/Erth      31%        N/A       8%          4
 Apportation              Tloc           16%        N/A       9%          1
 Slow                     Hex            32%        N/A       9%          1
 Confusing Touch          Hex            8%         N/A       26%         3
 Alistair's Intoxication  Tmut/Pois      6%         N/A       90%         5
 Yara's Violent Unravell  Hex/Tmut       4%         3d4       90%         5


Dungeon Overview and Level Annotations

Branches:
Dungeon (8/15)             Temple (1/1) D:5
   Lair: D:8-11

Altars:
Ashenzari
Cheibriados
Dithmenos
Elyvilon
Fedhas
Gozag
Hepliaklqana
Kikubaaqudgha
Nemelex Xobeh
Okawaru
Qazlal
Ru
Sif Muna
Trog
Uskayaw
Vehumet
Wu Jian
Xom
Yredelemnul
Zin
The Shining One

Shops:
D:4 *

Annotations:
D:4 1 runed translucent door, freelancePsychic's ghost, amateur DjAE
D:8 1 transporter, lunkers's ghost, novice DjCA


Innate Abilities, Weirdness & Mutations

You are immune to sickness and miasma.
Your stone body is resilient. (AC +7)
You are immune to poison.
You resist negative energy. (rN+)
You are resistant to electric shocks. (rElec)
You are resistant to unholy torment.
You are immune to petrification.


Message History

An orc wizard comes into view. It is wielding a +0 dagger.
Unknown command.
Casting: Foxfire (safe; 1% risk of failure)
Confirm with . or Enter, or press ? or * to list all spells.
You conjure some foxfire!
The orc wizard shouts!
The foxfire hits the orc wizard!
The orc wizard is almost dead.
Unknown command.
Casting: Foxfire (safe; 1% risk of failure)
Confirm with . or Enter, or press ? or * to list all spells.
You conjure some foxfire!
The foxfire hits the orc wizard!
You kill the orc wizard!
Vehumet accepts your kill.
You feel your power returning.
Unknown command.
Casting: Foxfire (safe; 1% risk of failure)
Confirm with . or Enter, or press ? or * to list all spells.
You conjure some foxfire!
The foxfire hits the orc warrior.
The orc warrior is moderately wounded.
The foxfire hits the orc warrior!
The orc warrior is heavily wounded.
The foxfire hits the orc warrior but does no damage.
The orc warrior is heavily wounded.
The foxfire hits the orc warrior but does no damage.
The orc warrior is heavily wounded.
The orc warrior throws a boomerang.
The boomerang hits you but does no damage.
The orc priest calls upon Beogh to heal the orc warrior.
The orc warrior is healed somewhat.
Unknown command.
Your foxfire dissipates!
The foxfire hits the orc warrior.
The orc warrior is moderately wounded.
The orc warrior zaps a wand.
Your mind is blasted!
Ouch! That really hurt!
* * * LOW HITPOINT WARNING * * *
The orc wizard points at you and mumbles some strange words.
The magic dart hits you!
You die...

##......<.......
................
#.#.............
#o#o.###=.....>.
##§#o# #####..#.
#.###.... ... #...
......§§# .#.. #..
#..####§.# ...# .l
##...#..@.# .#
..........##.# ..#
...........#[#.... #.
......#..©#[=.©# #.#
###...##..#..#...
#..###.......##.....#
.............# .#.#..
.............# #.# .
. #...........## .


You could see an orc warrior, an orc priest and an orc wizard.

Vanquished Creatures
  6 yaks
  The ghost of SirDiesAlot the Chucker, an amateur MiHu (D:3)
  A steam dragon (D:6)
  A wyvern (D:7)
  An acid dragon (D:6)
  An orc warrior (D:7)
  Duvessa (D:7)
  An ice beast (D:5)
  A sky beast (D:7)
  An ogre (D:6)
  A black bear (D:7)
  4 centaurs
  A phantom (D:5)
  3 bullfrogs (D:6)
  2 kobold brigands
  A gnoll sergeant (D:6)
  2 wyvern zombies
  3 scorpions (D:5)
  2 jellies
  A water moccasin zombie (D:7)
  A water moccasin skeleton (D:5)
  Dowan (D:7)
  5 electric eels (D:6)
  2 centaur skeletons (D:7)
  A hound (D:4)
  4 orc priests
  A bullfrog skeleton (D:3)
  Crazy Yiuf (D:2)
  2 iguanas (D:5)
  Ijyb (D:3)
  4 orc wizards
  A hound skeleton (D:4)
  9 gnolls
  A howler monkey skeleton (D:3)
  A howler monkey zombie (D:7)
  6 adders
  3 shadow imps
  A white imp (D:6)
  2 ufetubi
  An adder skeleton (D:4)
  2 worms (D:1)
  2 dart slugs
  15 orcs
  4 bats
  5 endoplasms
  2 giant cockroaches
  9 goblins
  11 hobgoblins
  8 jackals
  21 kobolds
  3 quokkas
  10 ball pythons
  5 frilled lizards
  6 rats
186 creatures vanquished.

Vanquished Creatures (others)
  A sky beast (D:6)
  13 foxfires (D:8)
  40 plants (D:6)
54 creatures vanquished.

Grand Total: 240 creatures vanquished

Notes
Turn   | Place    | Note
-------+----------+-------------------------------------------
     0 | D:1      | ders the Gargoyle Earth Elementalist began the quest for
                  | the Orb.
     0 | D:1      | Reached XP level 1. HP: 10/10 MP: 3/3
   289 | D:1      | Reached XP level 2. HP: 10/15 MP: 0/5
   603 | D:1      | You fall into a shaft and drop 1 floor!
   627 | D:2      | Reached skill level 1 in Conjurations
   756 | D:2      | Reached skill level 4 in Earth Magic
  1215 | D:2      | Reached XP level 3. HP: 18/19 MP: 3/6
  1219 | D:2      | Learned a level 3 spell: Stone Arrow
  1573 | D:2      | Found a broken altar of Ashenzari.
  1908 | D:2      | Found a runed translucent door.
  1909 | D:2      | Noticed Crazy Yiuf
  1986 | D:1      | Reached XP level 4. HP: 24/24 MP: 4/8
  2926 | D:2      | Killed Crazy Yiuf
  3175 | D:3      | Reached XP level 5. HP: 11/28 MP: 0/9
  3560 | D:3      | Noticed Ijyb
  3580 | D:3      | Killed Ijyb
  3581 | D:3      | Reached skill level 5 in Earth Magic
  3857 | D:3      | Reached XP level 6. HP: 32/32 MP: 7/11
  4016 | D:3      | You fall into a shaft and drop 3 floors!
  4022 | D:6      | Identified a scroll of acquirement
  4022 | D:6      | Acquired 471 gold pieces
  4030 | D:6      | Noticed an acid dragon
  4034 | D:6      | Killed an acid dragon
  4039 | D:5      | Entered Level 5 of the Dungeon
  4721 | D:4      | Found Panamuy's CLEARANCE SALE!.
  4827 | D:4      | Bought a scroll of teleportation for 12 gold pieces
  5274 | D:3      | Found a transporter.
  5302 | D:3      | Noticed SirDiesAlot's ghost (amateur MiHu)
  5304 | D:3      | Found a transporter.
  5615 | D:3      | Reached skill level 6 in Earth Magic
  5776 | D:3      | Reached XP level 7. HP: 36/36 MP: 9/13
  5786 | D:3      | Killed SirDiesAlot's ghost
  6424 | D:4      | Found a runed translucent door.
  6425 | D:4      | Noticed freelancePsychic's ghost (amateur DjAE)
  6722 | D:5      | Found a staircase to the Ecumenical Temple.
  6723 | D:5      | Noticed a yak
  6724 | D:5      | Noticed a yak
  6724 | D:5      | Noticed a yak
  6738 | D:5      | Noticed a yak
  6739 | D:5      | Killed a yak
  6739 | D:5      | Noticed a yak
  6740 | D:5      | Reached skill level 5 in Conjurations
  6857 | D:4      | Reached skill level 5 in Spellcasting
  7007 | D:5      | Reached skill level 7 in Earth Magic
  7007 | D:5      | Reached XP level 8. HP: 41/41 MP: 6/15
  7026 | D:5      | Killed a yak
  7027 | D:5      | Noticed a yak
  7148 | D:4      | Killed a yak
  7333 | D:5      | Killed a yak
  7336 | D:5      | Killed a yak
  7337 | D:5      | Reached skill level 8 in Earth Magic
  7340 | D:5      | Killed a yak
  7492 | D:5      | Reached XP level 9. HP: 45/45 MP: 14/18
  7564 | Temple   | Entered the Ecumenical Temple
  7844 | Temple   | Became a worshipper of Vehumet
  8523 | D:6      | Reached skill level 9 in Earth Magic
  9680 | D:6      | Reached * piety under Vehumet
  9680 | D:6      | Offered knowledge of Foxfire by Vehumet.
  9706 | D:4      | Reached skill level 10 in Earth Magic
 10272 | D:7      | Reached XP level 10. HP: 50/50 MP: 14/21
 10511 | D:7      | HP: 1/51 [orc warrior (12)]
 10521 | D:7      | Noticed Duvessa
 10521 | D:7      | Noticed Dowan
 10523 | D:7      | Killed Duvessa
 10525 | D:7      | Killed Dowan
 11467 | D:7      | Learned a level 1 spell: Foxfire
 11944 | D:8      | Found a transporter.
 11947 | D:8      | Noticed lunkers's ghost (novice DjCA)
 11968 | D:8      | Killed from afar by an orc wizard

Illustrated notes

Levels and vault maps discovered:
D:1:      dpeg_arrival_boxorama, layout_basic, grunt_decor_fettered,
          nicolae_wormholes
D:2:      layout_basic, basic_altar, minivault_26, uniq_crazy_yiuf_cottage
D:3:      layout_loops_ring, gammafunk_ghost_mausoleum,
          corexii_item_surrounded_by_moat, glass_columns_a, dk_vineyard_3,
          uniq_ijyb
D:4:      layout_basic, ebering_ghost_inner_flame, minmay_door_square,
          nicolae_shop_clearance
D:5:      minmay_general_purpose_star, layout_basic,
          minmay_temple_entry_statues_fountains
D:6:      layout_loops_corners, serial_bayou, serial_bayou_shore_a,
          serial_bayou_pond_d, serial_bayou_lake_a, serial_bayou_pond_b
D:7:      layout_layer_cave, uniq_duvessa
D:8:      layout_cave_pools, mainiacjoe_overflow_cross_hatched,
          gammafunk_ghost_stat_death
Temple:   mainiacjoe_temple_hex_bubbles

Skill      XL: |  1  2  3  4  5  6  7  8  9 10 |
---------------+-------------------------------+-----
Conjurations   | 1 2 3 4 5 6 8 |  8.8
Earth Magic    | 4 5 6 7 8 10 | 10.8
Spellcasting   | 3 4 5 6 7 8 |  8.2
Fighting       | |  0.4
Staves         | |  0.3
Dodging        | |  1.5
Stealth        | |  2.7
Transmutations | |  0.7

Action                   |  1- 3 |  4- 6 |  7- 9 | 10-12 || total
-------------------------+-------+-------+-------+-------++-------
Melee: Unarmed           |     2 |       |       |       ||     2
       Quarterstaff      |       |    35 |    36 |       ||    71
Throw: Boomerang         |     1 |    24 |       |       ||    25
 Cast: Sandblast         |    47 |    36 |    32 |    33 ||   148
       Stone Arrow       |       |    49 |    94 |    17 ||   160
       Foxfire           |       |       |       |    10 ||    10
  Use: Potion            |       |     2 |       |     4 ||     6
       Scroll            |       |     5 |       |     1 ||     6
Armor: Robe              |    15 |    51 |    37 |    11 ||   114
Dodge: Dodged            |    22 |    55 |    46 |    20 ||   143

Table legend: (Time is in decaauts)
 A = Elapsed time spent in this place.
 B = Non-inter-level travel time spent in this place.
 C = Inter-level travel time spent in this place.
 D = Time resting spent in this place.
 E = Time spent auto-exploring this place.
 F = Levels seen in this place.
 G = Mean time per level.
                   A        B        C        D        E       F      G
               +--------+--------+--------+--------+--------+-----+--------+
         Total |  12045 |  11132 |    913 |   3462 |   6136 |   9 | 1338.3 |
       Dungeon |  11737 |  10897 |    840 |   3462 |   5903 |   8 | 1467.1 |
        Temple |    308 |    235 |     73 |      0 |    233 |   1 |  308.0 |
               +--------+--------+--------+--------+--------+-----+--------+

Top non-repeatable levels by time:
     D:4: 2106 daAuts
     D:3: 1987 daAuts
     D:6: 1672 daAuts
     D:2: 1583 daAuts
     D:1: 1491 daAuts
     D:7: 1478 daAuts
     D:5: 1187 daAuts
  Temple: 308 daAuts
     D:8: 230 daAuts
